 Dungeon Crawl Stone Soup version 0.29-a0-617-g7a6b98fccd (webtiles) character file.

Game seed: 6984400590188729941

852 Armakuni the Changer (level 8, 68/68 HPs)
             Began as a Meteoran Wanderer on June 16, 2022.
             Quit the game on level 6 of the Dungeon on June 17, 2022.
             The game lasted 00:17:07 (4048 turns).

Armakuni the Changer (Meteoran Wanderer)            Turns: 4048, Time: 00:17:07

Health: 68/68      AC:  3    Str: 12    XL:     8   Next: 45%
Magic:  14/14      EV: 11    Int: 16    God:
Gold:   269        SH:  0    Dex: 21    Spells: 5/13 levels left

rFire   . . .      SeeInvis .   a - +10 dagger of Royalism {flame, rCorr}
rCold   . . .      Faith    .   (no shield)
rNeg    . . .      Spirit   .   n - +0 robe
rPois   .          Reflect  .   (no helmet)
rElec   .          Harm     .   (no cloak)
rCorr   +          Rampage  .   g - +0 pair of gloves
Will    +....                   (no boots)
Stlth   +.........              (no amulet)
HPRegen 0.21/turn               D - +6 ring of dexterity
MPRegen 0.14/turn               (no ring)

@: glowing
A: sense surroundings 1, otherworldly, glowing, explore regen
a: no special abilities


You were on level 6 of the Dungeon.
You visited 1 branch of the dungeon, and saw 7 of its levels.

You collected 341 gold pieces.
You spent 72 gold pieces at shops.

Inventory:

Hand Weapons
 a - the +10 dagger of Royalism (weapon) {flame, rCorr}
   (You took it off a kobold on level 3 of the Dungeon)

   It burns those it strikes, dealing additional fire damage.
   rCorr:     It protects you from acid and corrosion.
 b - a +2 rapier of electrocution
Missiles
 i - 2 curare-tipped darts
 r - 5 atropa-tipped darts
 v - 6 poisoned darts
Armour
 d - a +0 leather armour
 g - a +0 pair of gloves (worn)
 m - a +0 buckler
 n - a +0 robe (worn)
 u - a +2 ring mail of willpower
Jewellery
 D - a +6 ring of dexterity (left hand)
 J - a ring of ice
Wands
 y - a wand of polymorph (8)
Scrolls
 c - 2 scrolls of blinking
 j - a scroll of immolation
 p - 2 scrolls of noise
 q - 6 scrolls of identify
 A - a scroll of poison
 X - 3 scrolls of brand weapon
Potions
 e - a potion of might {unknown}
 f - 6 potions of curing
 h - a potion of mutation {unknown}
 k - 3 potions of ambrosia {unknown}
 l - a potion of brilliance {unknown}
 o - 3 potions of invisibility {unknown}
 s - a potion of flight {unknown}
 t - a potion of lignification {unknown}
 w - 2 potions of degeneration {unknown}
 x - 2 potions of heal wounds {unknown}
 z - a potion of attraction {unknown}


   Skills:
 - Level 5.0 Fighting
 - Level 5.0 Short Blades
 - Level 1.4 Throwing
 - Level 3.4 Spellcasting
 - Level 3.0 Conjurations
 - Level 5.0 Summonings
 - Level 5.0 Transmutations
 + Level 2.4 Air Magic
 - Level 3.0 Poison Magic


You had 5 spell levels left.
You knew the following spells:

 Your Spells              Type           Power      Damage    Failure   Level
i - Ignite Poison         Fire/Tmut/Pois 11%        N/A       19%         3
m - Mephitic Cloud        Conj/Pois/Air  11%        N/A       17%         3
w - Wereblood             Tmut           18%        N/A       3%          2

Your spell library contained the following spells:

 Spells                   Type           Power      Damage    Failure   Level
 Beastly Appendage        Tmut           36%        N/A       2%          1
 Summon Small Mammal      Summ           72%        N/A       2%          1
 Sting                    Tmut/Pois      60%        1d6       3%          1
 Poisonous Vapours        Pois/Air       22%        N/A       9%          2
 Spider Form              Tmut/Pois      15%        N/A       11%         3
 Sublimation of Blood     Necr           2%         N/A       26%         2
 Summon Lightning Spire   Summ/Air       14%        N/A       36%         4
 Animate Armour           Summ/Erth      20%        N/A       54%         4
 Petrify                  Tmut/Erth      10%        N/A       54%         4
 Corpse Rot               Necr/Pois/Air  8%         N/A       63%         4
 Iskenderun's Battlesphe  Conj           12%        2d7       82%         5
 Freezing Cloud           Conj/Ice/Air   4%         6-21      93%         5
 Fireball                 Conj/Fire      3%         3d4       95%         5
 Metabolic Englaciation   Hex/Ice        1%         N/A       99%         5
 Conjure Ball Lightning   Conj/Air       5%         3x3d6     100%        6
 Statue Form              Tmut/Erth      6%         N/A       100%        6
 Orb of Destruction       Conj           6%         9d6       100%        7
 Summon Hydra             Summ           9%         N/A       100%        7


Dungeon Overview and Level Annotations

Branches:
Dungeon (7/15) Zot: 362
 Temple: D:4-7

Altars:

Shops:
D:4 *   D:5 **

Annotations:
D:3 1 transporter, makewrite's ghost, amateur MiGl


Innate Abilities, Weirdness & Mutations

You passively map a small area around you.
You are easily found by Zot.
You glow in the dark.
You regain HP and MP as you explore.


Message History

You kill the jelly!
Your Air Magic skill increases to level 2!
No target in view!
j - a ring of ice
Okay, then.
Unknown command.
Adjust (i)tems, (s)pells, or (a)bilities?
j - a ring of ice Adjust to which letter? (? for menu, Esc to quit)
J - a ring of ice
o - 3 lumpy red potions (gained 1)
Found a scroll of immolation.
You see here a scroll of immolation.
j - a scroll of immolation
There is an open door here.
There is an open door here.
Found an escape hatch in the ceiling.
There is an escape hatch in the ceiling here.
You open the door.
Found a scroll of poison.
Found a stone staircase leading up.
There is an open door here.
Found 10 gold pieces.
You now have 269 gold pieces (gained 13).
You see here a scroll of poison.
A - a scroll of poison This spell is dangerous to cast!
Memorise Ignite Poison, consuming 3 spell levels and leaving 5?
You start memorising the spell.
You continue memorising. x3
You finish memorising.
Spell assigned to 'a'.
Adjust (i)tems, (s)pells, or (a)bilities?
Adjust which spell? a - Ignite Poison Adjust to which letter? i - Ignite Poison Saving game... please wait.
Welcome back, Armakuni the Meteoran Wanderer.
Press ? for a list of commands and other information.
Unknown command.
Are you sure you want to abandon this character and quit the game? (Confirm with "yes".)

#<##..##.. * ##+##
#.##..##.. ##...##
#.##..##.. * ##.....##
#.##...... * ##$<.....##
#......... ,
*#.........####...#.####
,
+.........'............
#.........###........##
##....@..###.....#.#.#
##.....## ........#.#
#.......###.....###.#
#.##+##.# ##........# *
#. , .# ##.####### #
.#** #.# * .. ,, * ** *
* # * *


There were no monsters in sight!

Vanquished Creatures
  3 ogres
  2 necrophages
  A scorpion (D:4)
  4 jellies (D:6)
  2 hounds
  An orc priest (D:5)
  3 gnolls (D:2)
  6 adders
  A shadow imp (D:6)
  An ufetubus (D:3)
  2 worms
  A dart slug (D:1)
  16 orcs
  4 bats
  10 endoplasms
  3 giant cockroaches
  4 goblins
  4 hobgoblins
  6 jackals
  7 kobolds
  4 quokkas
  4 ball pythons
  3 frilled lizards
  2 rats
94 creatures vanquished.

Notes
Turn   | Place    | Note
-------+----------+-------------------------------------------
     0 | D:1      | Armakuni the Meteoran Wanderer began the quest for the Orb.
     0 | D:1      | Armakuni set off with the following items: a +0 dagger, 7
                  | poisoned darts, a scroll of blinking, a +0 robe; and the
                  | following spells available to memorise: Summon Small
                  | Mammal, Sting, Ignite Poison, Animate Armour, Summon
                  | Lightning Spire.
     0 | D:1      | Reached XP level 1. HP: 14/14 MP: 3/3
     2 | D:1      | Learned a level 1 spell: Sting
   188 | D:1      | Reached skill level 5 in Transmutations
   188 | D:1      | Reached XP level 2. HP: 20/20 MP: 1/5
   197 | D:1      | Reached skill level 1 in Poison Magic
   785 | D:1      | Reached XP level 3. HP: 20/26 MP: 2/7
  1072 | D:2      | Learned a level 2 spell: Wereblood
  1192 | D:2      | Reached XP level 4. HP: 29/34 MP: 9/9
  1469 | D:2      | Reached skill level 1 in Fighting
  1469 | D:2      | Reached skill level 1 in Short Blades
  1696 | D:3      | Glimpsed the power of Zot.
  1739 | D:3      | Reached XP level 5. HP: 40/40 MP: 4/10
  1746 | D:3      | Glimpsed the power of Zot.
  1785 | D:3      | Glimpsed the power of Zot.
  1793 | D:3      | Glimpsed the power of Zot.
  1794 | D:3      | Touched by the power of Zot.
  1886 | D:4      | Noticed a necrophage
  1967 | D:3      | Identified the +10 dagger of Royalism {flame, rCorr}
  2038 | D:3      | Learned a level 3 spell: Mephitic Cloud
  2249 | D:5      | Entered Level 5 of the Dungeon
  2255 | D:4      | Found Xaisir's Assorted Antiques.
  2279 | D:4      | Bought a scroll labelled TOPPYMN ZYGH for 25 gold pieces
  2279 | D:4      | Bought a scroll labelled XEOMIT ANYG for 25 gold pieces
  2279 | D:4      | Bought an emerald potion for 22 gold pieces
  2291 | D:4      | Reached skill level 1 in Conjurations
  2291 | D:4      | Reached XP level 6. HP: 28/42 MP: 8/12
  2351 | D:3      | Found a transporter.
  2351 | D:3      | Noticed an ogre
  2351 | D:3      | Noticed makewrite's ghost (amateur MiGl)
  2352 | D:3      | Noticed an ogre
  2353 | D:3      | Upgraded the game from 0.29-a0-613-gf2c431b9b9 to
                  | 0.29-a0-617-g7a6b98fccd
  2834 | D:5      | Noticed an ogre
  2838 | D:5      | Killed an ogre
  2839 | D:5      | Reached XP level 7. HP: 56/57 MP: 13/13
  2947 | D:5      | Found Wauxzits's Specific Store.
  2951 | D:5      | Found Ucwaumas's General Store.
  3272 | D:6      | Reached XP level 8. HP: 65/67 MP: 14/14
  3517 | D:6      | Identified the +1 long sword of Welfare {protect, Str+2}
  3658 | D:5      | Reached skill level 5 in Short Blades
  3772 | D:6      | Reached skill level 5 in Fighting
  3783 | D:6      | Reached skill level 5 in Summonings
  3846 | D:6      | Reached skill level 1 in Air Magic
  4048 | D:6      | Learned a level 3 spell: Ignite Poison
  4048 | D:6      | Quit the game

Illustrated notes

Levels and vault maps discovered:
D:1:      nzn_arrival_depleted_hourglass, layout_basic, minmay_pentomino_x2
D:2:      layout_basic
D:3:      layout_basic, gammafunk_ghost_smash
D:4:      layout_rooms, serial_shops, shop_coins
D:5:      layout_basic, minmay_misc_feat_columns, nicolae_specific_store
D:6:      layout_loops_corners
D:7:      layout_loops_ring, lemuel_crystal_altar,
          nicolae_qazlal_scattered_showers, minmay_temple_entry_gardened_gates,
          uniq_menkaure

Skill      XL: |  1  2  3  4  5  6  7  8 |
---------------+-------------------------+-----
Transmutations | 5 |  5.0
Poison Magic   | 1 2 3 |  3.0
Spellcasting   | 2 3 |  3.4
Fighting       | 1 2 3 4 5 |  5.0
Short Blades   | 1 2 3 4 5 |  5.0
Conjurations   | 1 2 3 |  3.0
Summonings     | 5 |  5.0
Air Magic      | 2 |  2.4
Throwing       | |  1.4

Action                   |  1- 3 |  4- 6 |  7- 9 || total
-------------------------+-------+-------+-------++-------
Melee: Dagger            |     4 |    45 |    66 ||   115
       Club              |     1 |       |       ||     1
       Rapier            |     9 |    25 |       ||    34
       Whip              |     1 |       |       ||     1
Throw: Dart              |     8 |       |       ||     8
 Cast: Sting             |    29 |    41 |       ||    70
       Mephitic Cloud    |       |       |     2 ||     2
Evoke: Wand              |       |     2 |     1 ||     3
  Use: Scroll            |     2 |     5 |     3 ||    10
Armor: Robe              |     7 |    16 |    11 ||    34
Dodge: Dodged            |    13 |    46 |    22 ||    81

Table legend: (Time is in decaauts)
 A = Elapsed time spent in this place.
 B = Non-inter-level travel time spent in this place.
 C = Inter-level travel time spent in this place.
 D = Time resting spent in this place.
 E = Time spent auto-exploring this place.
 F = Levels seen in this place.
 G = Mean time per level.
                   A        B        C        D        E       F      G
               +--------+--------+--------+--------+--------+-----+--------+
         Total |   4037 |   3888 |    149 |    112 |   2485 |   7 |  576.7 |
       Dungeon |   4037 |   3888 |    149 |    112 |   2485 |   7 |  576.7 |
               +--------+--------+--------+--------+--------+-----+--------+

Top non-repeatable levels by time:
     D:1: 906 daAuts
     D:3: 777 daAuts
     D:2: 757 daAuts
     D:6: 634 daAuts
     D:5: 587 daAuts
     D:4: 370 daAuts
     D:7: 3 daAuts
